 Dungeon Crawl Stone Soup version 0.21.1-1-g345015fe64 (webtiles) character file.

181303 DildoBatman the Bewitcher (level 18, -11/136 HPs)
             Began as a Formicid Wizard on May 2, 2018.
             Was the Champion of Sif Muna.
             Killed from afar by a thorn hunter (25 damage)
             ... with a volley of thorns
             ... on level 3 of the Swamp on May 4, 2018.
             The game lasted 05:00:23 (43580 turns).

DildoBatman the Bewitcher (Formicid Wizard)        Turns: 43580, Time: 05:00:23

Health: -11/136    AC: 20    Str: 13    XL:     18   Next: 99%
Magic:  24/32      EV: 20    Int: 25    God:    Sif Muna [******]
Gold:   3233       SH: 18    Dex:  9    Spells: 3/37 levels left

rFire    x . .     SeeInvis +   a - +9 glaive of Widuira {elec, rElec rPois rF- rN+++}
rCold    . . .     Gourm    .   L - +0 large shield of Ridoras {rPois SInv}
rNeg     + + +     Faith    +   o - +0 troll leather armour
rPois    +         Spirit   .   (helmet unavailable)
rElec    +         Reflect  .   O - +1 cloak
rCorr    .         Harm     .   B - +1 pair of gloves {archery}
MR       +....                  n - +1 pair of boots {run}
Stlth    ++++......             M - amulet of faith
HPRegen  1.72/turn              G - ring of Robustness {AC+8}
MPRegen  0.23/turn              I - +6 ring of evasion

@: regenerating (expiring), quick
A: permanent stasis, dig shafts and tunnels, four strong arms, antennae 3
a: Dig, Shaft Self, Divine Energy, Channel Magic, Forget Spell, Renounce
Religion


You were on level 3 of the Swamp.
You worshipped Sif Muna.
Sif Muna was exalted by your worship.
You were hungry.

You visited 7 branches of the dungeon, and saw 31 of its levels.
You visited the Abyss 1 time.
You also visited: Trove and Ice Cave.

You collected 3548 gold pieces.
You spent 315 gold pieces at shops.

Inventory:

Hand Weapons
 a - the +9 glaive of Widuira (weapon) {elec, rElec rPois rF- rN+++}
   (You took it off a deep elf annihilator on level 3 of the Elven Halls)

   Occasionally, upon striking a foe, it will discharge some electrical energy
   and cause terrible harm.
   It makes you vulnerable to fire.
   It insulates you from electricity.
   It protects you from poison.
   It renders you almost immune to negative energy.
 b - the +9 shortbow "Zobrioqu" {venom, rN+++ Int+4 Dex-2}
   (You found it on level 3 of the Elven Halls)

   It poisons the ammo it fires.
   It affects your intelligence (+4).
   It affects your dexterity (-2).
   It renders you almost immune to negative energy.
 c - the +1 dagger of Ikehus {pain, +Rage MR+++ MP-9 Str-3}
   (You found it on level 3 of the Elven Halls)

   In the hands of one skilled in necromantic magic, it inflicts extra damage on
   living creatures.
   It affects your strength (-3).
   It affects your resistance to hostile enchantments.
   It affects your magic capacity (-9).
   It lets you go berserk.
 d - a +4 glaive of flaming
 e - the +8 quarterstaff "Emenoz" {crush, +Fly Int+2}
   (You bought it in a shop on level 3 of the Elven Halls)

   It inflicts extra damage upon your enemies.
   It affects your intelligence (+2).
   It lets you fly.
 f - the +8 mace of the Big Bang {crush, *Drain rElec rF+++ rC-}
   (You found it on level 3 of the Elven Halls)

   It inflicts extra damage upon your enemies.
   It renders you almost immune to fire.
   It makes you vulnerable to cold.
   It insulates you from electricity.
   It causes draining when unequipped.
Missiles
 l - 983 arrows
Armour
 h - a +0 cloak of cold resistance
 n - a +1 pair of boots of running (worn)
 o - a +0 troll leather armour (worn)
 p - the +1 scale mail "Doli" {rElec MR+ Str+2}
   (You took it off a deep elf master archer on level 3 of the Elven Halls)

   It affects your strength (+2).
   It insulates you from electricity.
   It affects your resistance to hostile enchantments.
 B - a +1 pair of gloves of archery (worn)
 L - the +0 large shield of Ridoras (worn) {rPois SInv}
   (You found it in a treasure trove)

   It protects you from poison.
   It lets you see invisible.
 O - a +1 cloak (worn)
Magical Staves
 E - an uncursed staff of energy
Jewellery
 i - a +6 ring of intelligence
 G - the ring of Robustness (left hand) {AC+8}
   (You took it off a deep elf demonologist on level 3 of the Elven Halls)

   [ring of protection]

   It affects your AC (+8).
 I - a +6 ring of evasion (right hand)
 M - an amulet of faith (around neck)
Wands
 g - a wand of flame (11)
 q - a wand of iceblast (9)
Scrolls
 x - 3 scrolls of remove curse
 C - 5 scrolls of magic mapping
Potions
 j - 4 potions of curing
 m - a potion of lignification {unknown}
Miscellaneous
 u - a lightning rod (4/4)
 W - a phial of floods
 Z - a lamp of fire
Comestibles
 k - a chunk of flesh
 v - 39 rations


   Skills:
 * Level 10.4 Fighting
 * Level 1.6(2.6) Polearms
 - Level 3.0(3.2) Staves
 * Level 1.2 Bows
 * Level 8.7 Armour
 - Level 6.0 Dodging
 * Level 10.6 Stealth
 * Level 15.1 Shields
 * Level 10.4 Spellcasting
 * Level 6.6 Conjurations
 - Level 18.0 Hexes
 - Level 8.0 Charms
 * Level 5.7 Summonings
 * Level 5.8 Necromancy
   Level 0.8 Translocations
 * Level 6.5 Air Magic
 - Level 10.0 Poison Magic
 * Level 2.9 Evocations


You had 3 spell levels left.
You knew the following spells:

 Your Spells              Type           Power        Failure   Level  Hunger
a - Slow                  Hex            #######.     0%          2    None
b - Confuse               Hex            #######.     0%          3    None
c - Spectral Weapon       Hex/Chrm       ######..     1%          3    None
d - Regeneration          Chrm/Necr      #####.....   1%          3    None
e - Mephitic Cloud        Conj/Pois/Air  ######..     1%          3    None
f - Summon Mana Viper     Hex/Summ       ######..     1%          5    ####...
g - Call Imp              Summ           #####...     1%          2    None
h - Summon Butterflies    Summ           #####...     1%          1    None
i - Invisibility          Hex            #######.     1%          6    #####..
j - Silence               Hex/Air        ######....   1%          5    ####...
k - Magic Dart            Conj           ####         1%          1    None


Dungeon Overview and Level Annotations

Branches:
Dungeon (15/15)            Temple (1/1) D:6            Lair (6/6) D:8
  Swamp (3/4) Lair:3        Snake (1/4) Lair:4        Slime (0/5) Lair:6
    Orc (2/2) D:9             Elf (3/3) Orc:2        Vaults (0/5) D:14
 Depths (0/5) D:15

Altars:
Ashenzari
Cheibriados
Dithmenos
Elyvilon
Fedhas
Gozag
Hepliaklqana
Kikubaaqudgha
Makhleb
Nemelex Xobeh
Okawaru
Qazlal
Ru
Sif Muna
Trog
Uskayaw
Vehumet
Wu Jian
Xom
Yredelemnul
Zin
The Shining One
Beogh
Jiyva

Shops:
D:12 =*   D:13 *[::   Orc:2 =*[(   Elf:3 *

Annotations:
D:13 exclusion: angel
Snake:1 exclusion: salamander, Rupert; htuhola's ghost, journeyman DgFE


Innate Abilities, Weirdness & Mutations

You cannot be hasted, slowed, berserked, paralysed or teleported.
You can dig through walls and to a lower floor.
Your four strong arms can wield two-handed weapons with a shield.
You have a pair of large antennae on your head. (SInv)


Message History

Your spectral weapon closely misses the swamp worm.
The swamp worm misses you.
Your mana viper bites the swamp worm!!
The swamp worm dies!
Sif Muna accepts your kill. You block the thorn hunter's attack.
The thorn hunter closely misses you.
The thorn hunter hits you but does no damage.
The thorn hunter closely misses you.
You slice the thorn hunter!!
The thorn hunter is lightly damaged.
Your skin is crawling a little less now.
Your spectral weapon fades away.
The thorn hunter fires a volley of thorns at you.
The volley of thorns hits you!
Your mana viper closely misses the thorn hunter.
Your mana viper completely misses the thorn hunter.
The thorn hunter fires a volley of thorns at you.
The volley of thorns hits you!
You die...

.≈..≈§. .....≈
..≈.#...♣.. .≈≈≈≈≈
.≈≈≈.#.....##..§≈≈≈
≈≈>≈..##...#..≈..≈≈
≈..≈..##.#..≈≈≈.≈≈
.≈......(..≈.≈♣≈≈
♣.♣≈≈≈≈††≈≈.?≈≈≈
♣≈≈≈≈≈≈f.S.≈≈≈..
♣♣.≈≈%@≈≈≈≈≈≈≈.≈
♣...≈♣♣≈≈≈≈.≈.≈
♣.≈≈≈♣♣.≈♣≈≈≈..
♣.≈≈≈♣♣.≈≈≈.≈.≈
♣♣...♣♣≈≈≈≈≈..≈
♣♣..≈≈<..≈≈≈.≈
♣.≈≈≈≈≈.≈≈≈≈♣
♣..♣≈≈§...≈.♣
♣♣..♣≈≈≈≈≈≈.♣


You could see a thorn hunter and a friendly mana viper.

Vanquished Creatures
  A thorn hunter (Swamp:1)
  Aizul (Orc:2)
  3 orc warlords
  5 deep elf sorcerers
  A deep elf elementalist (Elf:3)
  Louise (Elf:1)
  The ghost of Findor the Severer, a journeyman HOFi of Okawaru (Lair:4)
  3 deep elf demonologists (Elf:3)
  9 deep elf annihilators
  The ghost of kmenux the Spry, a journeyman TeMo of Dithmenos (Lair:2)
  An ettin (D:14)
  3 deep elf death magi (Elf:3)
  The ghost of Tegun the Sharpshooter, a journeyman DsWn of Okawaru (Lair:3)
  2 fire dragons (D:15)
  Josephine (D:12)
  4 deep elf high priests
  A rakshasa (D:13)
  8 hydras
  An anaconda (Lair:4)
  2 ghost crabs (Swamp:3)
  3 catoblepae (Lair:6)
  An alligator (Swamp:1)
  4 two-headed ogres
  The ghost of YoungGLord the Cleaver, a novice HOFi of Trog (D:9)
  18 dancing weapons
  Urug (D:10)
  An orc high priest (Orc:2)
  9 death yaks (Lair:6)
  A thrashing horror (Elf:3)
  A naga sharpshooter (Snake:1)
  Nergalle (Orc:2)
  14 deep elf knights
  2 spriggans
  A salamander mystic (Lair:4)
  2 unseen horrors
  2 naga ritualists
  2 swamp dragons
  10 deep elf archers
  6 orc knights
  2 shambling mangroves
  A flayed ghost (Abyss:3)
  42 deep elf magi
  An orb spider (Abyss:3)
  A mana viper (Lair:4)
  9 orc sorcerers
  16 ugly things
  2 manticores (Lair:6)
  3 salamanders
  2 large abominations (Abyss:3)
  15 black mambas
  10 elephants (Lair:6)
  A guardian serpent (Abyss:3)
  A moth of wrath (D:3)
  3 gargoyles
  2 ice statues (IceCv)
  A naga mage (Lair:4)
  A smoke demon (Abyss:3)
  Joseph (D:10)
  10 spiny frogs
  A komodo dragon (shapeshifter) (D:14)
  A rime drake (Lair:5)
  3 kobold demonologists
  A freezing wraith (Abyss:3)
  3 komodo dragons
  12 ice devils (IceCv)
  An ancient zyme (Abyss:3)
  14 trolls
  2 polar bears
  2 raiju (Abyss:3)
  4 tyrant leeches
  4 bog bodies
  5 hippogriffs
  10 hornets
  11 slime creatures
  A raiju (shapeshifter) (D:14)
  5 blink frogs (Lair:5)
  A hippogriff (shapeshifter) (D:12)
  38 yaks
  Sigmund (D:5)
  A centaur simulacrum (D:13)
  A vampire (D:12)
  3 air elementals
  A shadow (Lair:3)
  A water elemental (Elf:1)
  6 wraiths
  4 wyverns
  6 basilisks
  2 steam dragons
  2 hungry ghosts
  6 fire elementals
  6 insubstantial wisps (Swamp:2)
  2 soldier ants
  10 swamp worms
  6 wargs
  17 water moccasins
  An acid dragon (D:13)
  8 nagas
  4 porcupines
  40 orc warriors
  3 ice beasts
  2 swamp drakes
  3 phantoms
  A sky beast (D:11)
  12 wolves (Lair:5)
  2 necrophages
  3 boggarts (D:15)
  The ghost of Ivernyr the Charmwright, an amateur HuSk (D:3)
  A tengu (shapeshifter) (Abyss:3)
  10 ogres
  14 centaurs
  11 crocodiles
  5 big kobolds
  14 bullfrogs
  3 gnoll sergeants (D:9)
  A hornet simulacrum (D:13)
  3 scorpions
  4 howler monkeys
  4 wights
  6 electric eels
  4 centaur zombies
  12 crimson imps
  A bullfrog zombie (D:13)
  2 bullfrog skeletons
  8 hounds
  4 jellies
  18 orc priests
  32 orc wizards
  4 centaur skeletons
  2 iron imps
  6 iguanas
  Natasha (thrice) (D:3)
  9 worker ants
  A statue (D:7)
  2 hound zombies
  9 gnolls (D:9)
  3 worker ant zombies
  7 adders
  5 shadow imps
  6 white imps
  6 ufetubi (IceCv)
  2 oozes
  An adder zombie (D:7)
  2 adder skeletons
  4 worms
  A dart slug (D:3)
  8 leopard geckos
  86 orcs
  A ball python (D:3)
  6 giant cockroaches
  3 goblins
  5 hobgoblins
  8 jackals
  26 kobolds
  4 quokkas
  6 bats
  8 frilled lizards
  A jackal zombie (D:6)
  A leopard gecko skeleton (D:4)
  12 rats
  3 butterflies
  A plant (Lair:5)
  9 spectral weapons
946 creatures vanquished.

Vanquished Creatures (collateral kills)
  2 deep elf blademasters
  A deep elf master archer (Elf:3)
  A rakshasa (D:15)
  A thrashing horror (Abyss:3)
  8 dancing weapons
  An iron troll (D:14)
  A deep elf mage (Elf:2)
  A swamp worm (Swamp:3)
16 creatures vanquished.

Vanquished Creatures (others)
  A reaper (IceCv)
  A slime creature (Swamp:3)
  A water elemental (Elf:3)
  A wolf (Lair:5)
  A centaur (D:11)
  An orc wizard (D:8)
  3 white imps (IceCv)
  4 ufetubi (IceCv)
  2 orcs (Orc:1)
  5 fungi
  6 plants (Lair:6)
  25 spectral weapons
  8 starspawn tentacles (Abyss:3)
59 creatures vanquished.

Grand Total: 1021 creatures vanquished

Notes
Turn   | Place    | Note
-------+----------+-------------------------------------------
     0 | D:1      | DildoBatman the Formicid Wizard began the quest for the Orb.
     0 | D:1      | Reached XP level 1. HP: 13/13 MP: 4/4
   119 | D:1      | Reached skill level 1 in Conjurations
   277 | D:1      | Reached skill level 1 in Fighting
   277 | D:1      | Reached XP level 2. HP: 12/21 MP: 0/6
   846 | D:2      | Reached XP level 3. HP: 27/27 MP: 4/7
  1448 | D:2      | Found a hide-covered altar of Uskayaw.
  1893 | D:3      | Noticed Ivernyr's ghost (amateur HuSk)
  1922 | D:3      | Reached XP level 4. HP: 32/34 MP: 1/8
  2107 | D:3      | Learned a level 2 spell: Call Imp
  2110 | D:3      | Learned a level 2 spell: Slow
  2114 | D:3      | Learned a level 3 spell: Mephitic Cloud
  2612 | D:3      | Noticed a moth of wrath
  2616 | D:3      | Found a bloodstained altar of Trog.
  3071 | D:4      | HP: 1/35 [poisoned by a worker ant]
  3072 | D:4      | Reached XP level 5. HP: 11/41 MP: 0/9
  3331 | D:4      | Reached skill level 1 in Hexes
  3331 | D:4      | Reached skill level 1 in Poison Magic
  3775 | D:4      | Reached skill level 1 in Armour
  3898 | D:4      | Noticed Natasha
  4061 | D:4      | Reached skill level 1 in Air Magic
  4061 | D:4      | Reached XP level 6. HP: 39/47 MP: 7/10
  4162 | D:5      | Entered Level 5 of the Dungeon
  4250 | D:5      | Learned a level 3 spell: Confuse
  4302 | D:5      | Reached skill level 2 in Hexes
  4744 | D:6      | Noticed an ogre
  4795 | D:6      | Found a blossoming altar of Fedhas.
  4903 | D:6      | Got a smoking leather armour
  4914 | D:6      | Identified the cursed +0 leather armour "Efuriun" {Str+6} (You found it on level 6 of the Dungeon)
  4926 | D:6      | Got a smoking robe
  4966 | D:6      | Identified the +1 robe "Xoanar" {rCorr Stlth+} (You found it on level 6 of the Dungeon)
  4981 | D:6      | Noticed Sigmund
  5223 | D:6      | Noticed a necrophage
  5324 | D:6      | Noticed an orc warrior
  5415 | D:6      | Reached XP level 7. HP: 43/54 MP: 0/11
  5754 | D:6      | Found a sacrificial altar of Ru.
  5798 | D:6      | Found a staircase to the Ecumenical Temple.
  5806 | Temple   | Entered the Ecumenical Temple
  5976 | Temple   | Became a worshipper of Sif Muna the Loreminder
  6356 | D:5      | Killed Sigmund
  6356 | D:5      | Reached XP level 8. HP: 47/61 MP: 1/12
  6440 | D:4      | Reached skill level 3 in Hexes
  6645 | D:3      | Killed Natasha
  6783 | D:3      | Noticed Natasha
  6791 | D:3      | Killed Natasha
  6791 | D:3      | Reached skill level 5 in Fighting
  6816 | D:3      | Killed Ivernyr's ghost
  6816 | D:3      | Reached skill level 4 in Hexes
  6855 | D:3      | Noticed Natasha
  6866 | D:3      | Killed Natasha
  6922 | D:3      | Reached skill level 5 in Hexes
  7358 | D:6      | Reached * piety under Sif Muna
  7358 | D:6      | Reached skill level 6 in Hexes
  7589 | D:6      | Reached skill level 7 in Hexes
  7708 | D:6      | Noticed a troll
  7833 | D:5      | Killed a troll
  7833 | D:5      | Reached skill level 8 in Hexes
  7833 | D:5      | Reached XP level 9. HP: 26/68 MP: 1/13
  7935 | D:6      | Reached ** piety under Sif Muna
  7977 | D:6      | Reached skill level 9 in Hexes
  8744 | D:7      | Found a basalt altar of Yredelemnul.
  8930 | D:7      | Reached skill level 10 in Hexes
  8962 | D:7      | Found a white marble altar of Elyvilon.
  9515 | D:7      | Found a radiant altar of Vehumet.
  9846 | D:8      | Noticed a hippogriff
  9883 | D:7      | Killed a hippogriff
 10044 | D:8      | Reached *** piety under Sif Muna
 10044 | D:8      | Reached XP level 10. HP: 38/74 MP: 13/16
 10064 | D:8      | Found a staircase to the Lair.
 10188 | D:8      | Reached skill level 5 in Stealth
 10398 | D:8      | Reached skill level 5 in Armour
 10398 | D:8      | Reached skill level 5 in Spellcasting
 10743 | D:9      | Noticed YoungGLord's ghost (novice HOFi)
 10837 | D:9      | Reached skill level 11 in Hexes
 11127 | D:9      | Reached **** piety under Sif Muna
 11414 | D:9      | Reached skill level 12 in Hexes
 12293 | D:3      | Killed a moth of wrath
 12293 | D:3      | Reached XP level 11. HP: 79/82 MP: 15/18
 12726 | D:10     | Entered Level 10 of the Dungeon
 13164 | D:10     | Found a portal to a secret trove of treasure.
 13176 | D:10     | Noticed Joseph
 13200 | D:10     | Killed Joseph
 13200 | D:10     | Reached skill level 5 in Poison Magic
 13271 | D:10     | Noticed Urug
 13342 | D:10     | Killed Urug
 13342 | D:10     | Reached ***** piety under Sif Muna
 13342 | D:10     | Identified Sif Muna's Handbook of Execration and Boosts (Sif Muna gifted it to you on level 10 of the Dungeon)
 13342 | D:10     | Received a gift from Sif Muna
 13447 | D:10     | Learned a level 3 spell: Spectral Weapon
 13454 | D:10     | Learned a level 6 spell: Invisibility
 13846 | D:11     | Reached skill level 1 in Charms
 13848 | D:11     | Noticed a green ugly thing
 13960 | D:11     | Killed a green ugly thing
 14112 | D:11     | Noticed a five-headed hydra
 14500 | D:11     | Noticed a two-headed ogre
 14516 | D:11     | Killed a two-headed ogre
 14516 | D:11     | Reached skill level 13 in Hexes
 14662 | D:11     | Found a shattered altar of Ashenzari.
 14664 | D:11     | Found a white marble altar of Elyvilon.
 14664 | D:11     | Found a shadowy altar of Dithmenos.
 14666 | D:11     | Found a shimmering altar of Xom.
 14666 | D:11     | Found a stormy altar of Qazlal.
 14666 | D:11     | Found a sacrificial altar of Ru.
 14884 | D:9      | Reached XP level 12. HP: 66/91 MP: 18/21
 14938 | D:9      | Found a staircase to the Orcish Mines.
 14963 | D:9      | HP: 1/91 [ogre/giant club (6)]
 15179 | D:9      | Killed YoungGLord's ghost
 15455 | Orc:1    | Entered Level 1 of the Orcish Mines
 15506 | Orc:1    | Identified Sif Muna's Papyrus of the Traveller and Transformation (Sif Muna gifted it to you on level 1 of the Orcish Mines)
 15506 | Orc:1    | Received a gift from Sif Muna
 15536 | Orc:1    | Reached skill level 14 in Hexes
 15876 | Orc:1    | Reached skill level 5 in Shields
 16466 | Orc:2    | Entered Level 2 of the Orcish Mines
 16592 | Orc:2    | Noticed a two-headed ogre
 16615 | Orc:2    | Killed a two-headed ogre
 16684 | Orc:2    | Found a staircase to the Elven Halls.
 16860 | Orc:2    | Noticed an orc warlord
 17232 | Orc:2    | Noticed an orc warlord
 17298 | Orc:1    | Reached XP level 13. HP: 78/96 MP: 1/22
 17417 | Orc:1    | Killed an orc warlord
 17575 | Orc:2    | Reached skill level 5 in Charms
 17734 | Orc:2    | Reached skill level 5 in Dodging
 17929 | Orc:2    | Identified Sif Muna's Disquisition on Intoxication and Curses (Sif Muna gifted it to you on level 2 of the Orcish Mines)
 17929 | Orc:2    | Received a gift from Sif Muna
 18054 | Orc:2    | Killed an orc warlord
 18116 | Orc:2    | Got a translucent rapier
 18139 | Orc:2    | Got a crystal scimitar
 18501 | Orc:2    | Noticed Nergalle
 18596 | Orc:2    | Noticed an orc warlord
 18664 | Orc:2    | Killed an orc warlord
 18921 | Orc:2    | Found a roughly hewn altar of Beogh.
 19085 | Orc:2    | Reached skill level 15 in Hexes
 19105 | Orc:2    | Identified the +7 rapier of Understanding {freeze, Dex+4} (You found it on level 2 of the Orcish Mines)
 19106 | Orc:2    | Identified the +4 scimitar "Vecwod" {antimagic, Str+2 Dex+5} (You found it on level 2 of the Orcish Mines)
 19293 | Orc:2    | Found Ajeph's Jewellery Shop.
 19297 | Orc:2    | Found Luig Zomp's Antique Armour Shop.
 19304 | Orc:2    | Found Wuaceule's Antique Weapon Shop.
 19314 | Orc:2    | Killed Nergalle
 19396 | Orc:2    | Found Beolival's General Store.
 19962 | Lair:1   | Entered Level 1 of the Lair of Beasts
 20751 | Lair:2   | Noticed an eight-headed hydra
 20772 | Lair:2   | Killed an eight-headed hydra
 20874 | Lair:2   | Noticed kmenux's ghost (journeyman TeMo)
 21137 | Lair:2   | Killed kmenux's ghost
 21265 | Lair:2   | Reached XP level 14. HP: 96/108 MP: 23/26
 21710 | Lair:3   | Found a frozen archway.
 21721 | Lair:3   | Noticed Tegun's ghost (journeyman DsWn)
 21740 | Lair:3   | Killed Tegun's ghost
 21770 | Lair:3   | Found the cursed necklace of Bloodlust {*Rage +Rage MR++ Int-3 Slay+6 *Curse}
 21843 | IceCv    | Entered an ice cave
 21998 | IceCv    | Reached skill level 16 in Hexes
 22019 | IceCv    | Killed a reaper
 22203 | IceCv    | Identified Sif Muna's Guide on Calling (Sif Muna gifted it to you in an ice cave)
 22203 | IceCv    | Received a gift from Sif Muna
 22729 | Lair:3   | Found a staircase to the Swamp.
 23387 | Lair:4   | Found a staircase to the Snake Pit.
 23451 | Lair:4   | You fall through a shaft!
 23817 | Lair:4   | Noticed Findor's ghost (journeyman HOFi)
 23927 | Lair:4   | Killed Findor's ghost
 24854 | Lair:6   | Entered Level 6 of the Lair of Beasts
 25126 | Lair:5   | Received a gift from Sif Muna
 25139 | Lair:5   | Learned a level 3 spell: Regeneration
 25610 | Lair:6   | Reached XP level 15. HP: 112/114 MP: 9/27
 25779 | Lair:6   | Reached skill level 1 in Necromancy
 25923 | Lair:6   | Found a staircase to the Slime Pits.
 25923 | Lair:6   | Found a viscous altar of Jiyva.
 26281 | Lair:6   | Reached skill level 5 in Conjurations
 26723 | Lair:6   | Identified Noihetz's Tome of the Frostbite and Flames
 27371 | Lair:3   | You fall through a shaft for 2 floors!
 27936 | D:12     | Identified Vip Unyr's Guide on the Escort and Bewitchment (Sif Muna gifted it to you on level 12 of the Dungeon)
 27936 | D:12     | Received a gift from Sif Muna
 28079 | D:12     | Found Wilaz's Changing Room.
 28159 | D:12     | Noticed Josephine
 28184 | D:12     | Reached skill level 10 in Shields
 28298 | D:12     | Killed Josephine
 28313 | D:12     | Found Afuahin's Jewellery Shop.
 28659 | D:13     | Found Xojeji Legu's Book Shop.
 28889 | D:13     | Found Nuesiet's Book Shop.
 29067 | D:13     | Found Tutreug's Hallowed Reliquary.
 29067 | D:13     | Found a glowing silver altar of Zin.
 29068 | D:13     | Found Ogush's Antique Armour Boutique.
 29068 | D:13     | Noticed an angel
 29100 | D:13     | Got a distressingly furry scale mail
 29263 | D:13     | Reached skill level 10 in Fighting
 29660 | D:13     | Identified the cursed +0 scale mail "Bekikhuc" {MR+} (You found it on level 13 of the Dungeon)
 30287 | D:14     | Found a shadowy altar of Dithmenos.
 30296 | D:14     | Identified Cimeiv's Incunabulum of the Creative Frostbite (Sif Muna gifted it to you on level 14 of the Dungeon)
 30296 | D:14     | Received a gift from Sif Muna
 30296 | D:14     | Reached XP level 16. HP: 118/122 MP: 26/29
 30304 | D:14     | Learned a level 5 spell: Summon Mana Viper
 30501 | D:14     | Found a gate to the Vaults.
 30706 | D:15     | Entered Level 15 of the Dungeon
 30714 | D:14     | Reached skill level 10 in Poison Magic
 31449 | D:15     | Reached ****** piety under Sif Muna
 31503 | D:15     | Got a twisted trident
 31687 | D:15     | Found a staircase to the Depths.
 31795 | D:15     | Identified the cursed +1 trident of the Ancients {elec, rElec rPois Int-3 Dex+3} (You found it on level 15 of the Dungeon)
 31982 | Swamp:1  | Entered Level 1 of the Swamp
 32118 | Swamp:1  | Noticed a thorn hunter
 32279 | Snake:1  | Entered Level 1 of the Snake Pit
 32493 | Snake:1  | Reached skill level 10 in Stealth
 32640 | Snake:1  | Reached skill level 17 in Hexes
 32653 | Snake:1  | Reached skill level 5 in Necromancy
 32759 | Snake:1  | Noticed Rupert
 32845 | Snake:1  | Noticed htuhola's ghost (journeyman DgFE)
 32929 | Lair:4   | Received a gift from Sif Muna
 32941 | Lair:4   | Learned a level 5 spell: Silence
 33056 | D:8      | Learned a level 1 spell: Summon Butterflies
 33173 | Elf:1    | Entered Level 1 of the Elven Halls
 33178 | Elf:1    | Reached skill level 10 in Spellcasting
 33646 | Elf:1    | Identified a +1 pair of boots of running (You found it on level 1 of the Elven Halls)
 33831 | Elf:1    | Noticed Louise
 33915 | Elf:1    | Killed Louise
 34082 | Elf:1    | Noticed Aizul
 34129 | Elf:1    | HP: 4/122 [flail of protection (8)]
 34284 | Orc:2    | Killed Aizul
 34476 | Elf:1    | Reached XP level 17. HP: 81/128 MP: 3/31
 34485 | Elf:1    | Reached skill level 5 in Summonings
 34508 | Elf:1    | Reached skill level 5 in Air Magic
 35111 | Elf:2    | Identified Sif Muna's Papyrus of Ghastly Confrontation (Sif Muna gifted it to you on level 2 of the Elven Halls)
 35111 | Elf:2    | Received a gift from Sif Muna
 35488 | Elf:2    | Got a crystal battleaxe
 35525 | Elf:2    | Identified the cursed +1 battleaxe "Donkoem" {chop, rF- rC++ rN+ MR+} (You found it on level 2 of the Elven Halls)
 35604 | Elf:2    | Reached skill level 18 in Hexes
 36024 | Elf:2    | Reached skill level 1 in Evocations
 36287 | Elf:2    | Found a huge runed gate.
 36287 | Elf:2    | Found a huge runed gate.
 36287 | Elf:2    | Found a huge runed gate.
 36287 | Elf:2    | Found a huge runed gate.
 36289 | Elf:2    | Found a huge runed gate.
 36576 | D:10     | You paid a toll of 18 scrolls of identify to enter a treasure trove
 36577 | Trove    | Entered a treasure trove
 36608 | Trove    | Got a bound bone amulet
 36610 | Trove    | Got a scintillating ivory amulet
 36640 | Trove    | Got a warped large shield
 36701 | D:10     | Identified the +0 large shield of Ridoras {rPois SInv} (You found it in a treasure trove)
 36780 | D:10     | Identified the amulet of Exkoru {Spirit MR+} (You found it in a treasure trove)
 36938 | Elf:3    | Entered Level 3 of the Elven Halls
 37293 | Elf:3    | Found Ryramm's Assorted Antiques.
 37402 | Elf:3    | Bought a polished quarterstaff for 315 gold pieces
 37403 | Elf:3    | Identified the +8 quarterstaff "Emenoz" {crush, +Fly Int+2} (You bought it in a shop on level 3 of the Elven Halls)
 37471 | Elf:3    | Reached skill level 1 in Staves
 38051 | Elf:2    | Identified Ora Ahuc's Guide on Ghastly Malediction (Sif Muna gifted it to you on level 2 of the Elven Halls)
 38051 | Elf:2    | Received a gift from Sif Muna
 38099 | Elf:2    | Noticed a deep elf blademaster
 38353 | Elf:2    | Killed a deep elf blademaster
 38353 | Elf:2    | Reached XP level 18. HP: 52/134 MP: 2/32
 39171 | Elf:3    | Noticed a deep elf blademaster
 39183 | Elf:3    | Killed a deep elf blademaster
 39896 | Elf:3    | Got a bloodstained glaive {elec}
 40002 | Elf:3    | Got a crystal falchion {drain}
 40086 | Elf:3    | Noticed a deep elf master archer
 40190 | Elf:3    | Killed a deep elf master archer
 40190 | Elf:3    | Reached skill level 15 in Shields
 40194 | Elf:3    | Got a warped scale mail
 40240 | Elf:3    | Cast into level 3 of the Abyss (a deep elf demonologist)
 40244 | Abyss:3  | Found a corrupted altar of Lugonu.
 40273 | Abyss:3  | Found a corrupted altar of Lugonu.
 40314 | Abyss:3  | Found a corrupted altar of Lugonu.
 40473 | Abyss:3  | Noticed a bone dragon
 40851 | Abyss:3  | Found a corrupted altar of Lugonu.
 40861 | Elf:3    | Escaped the Abyss
 40910 | Elf:3    | Noticed a Hell Sentinel
 41051 | Elf:3    | Got a crude trident {drain}
 41168 | Elf:3    | Got brightly glowing ice dragon scales
 41178 | Elf:3    | Got a crystal mace
 41249 | Elf:3    | Got a steaming shortbow
 41251 | Elf:3    | Found the +7 sceptre of Torment
 41254 | Elf:3    | Identified the Almanac of Earth and Orientation
 41263 | Elf:3    | Got an amber-encrusted chain mail
 41268 | Elf:3    | Got a jewelled dagger
 41529 | D:8      | Identified the cursed +1 scale mail "Doli" {rElec MR+ Str+2} (You took it off a deep elf master archer on level 3 of the Elven Halls)
 41530 | D:8      | Identified the +9 glaive of Widuira {elec, rElec rPois rF- rN+++} (You took it off a deep elf annihilator on level 3 of the Elven Halls)
 41532 | D:8      | Identified the +2 trident of Ezowkuji {drain, rF- Str+5 Int+2} (You took it off a deep elf sorcerer on level 3 of the Elven Halls)
 41538 | D:8      | Identified the +8 mace of the Big Bang {crush, *Drain rElec rF+++ rC-} (You found it on level 3 of the Elven Halls)
 41539 | D:8      | Identified the +9 shortbow "Zobrioqu" {venom, rN+++ Int+4 Dex-2} (You found it on level 3 of the Elven Halls)
 41541 | D:8      | Identified the cursed +1 dagger of Ikehus {pain, +Rage MR+++ MP-9 Str-3} (You found it on level 3 of the Elven Halls)
 41543 | D:8      | Identified the +5 falchion of the Madman {drain, rElec rN+} (You took it off a deep elf demonologist on level 3 of the Elven Halls)
 41554 | D:8      | Identified the cursed +0 ice dragon scales of Yrcho {rPois rF- rC++} (You found it on level 3 of the Elven Halls)
 41567 | D:8      | Identified the cursed +0 chain mail of Cuammin {rF- Int+5} (You found it on level 3 of the Elven Halls)
 42463 | Swamp:2  | Reached skill level 1 in Polearms
 42633 | Swamp:2  | Reached skill level 1 in Bows
 42736 | Swamp:2  | Got a crude leather armour
 42747 | Swamp:2  | Identified the cursed +1 leather armour "Uwky" {rC+ Str+4} (You found it on level 2 of the Swamp)
 43356 | D:8      | Identified the amulet of Toffarel {RegenMP rElec rF- Str+4} (You found it in a treasure trove)
 43580 | Swamp:3  | Killed from afar by a thorn hunter

Skill      XL: |  1  2  3  4  5  6  7  8  9 10 11 12 13 14 15 16 17 18 |
---------------+-------------------------------------------------------+-----
Conjurations   | 1 2 3 4 5 6 |  6.6
Fighting       | 1 2 3 4 5 6 7 9 10 | 10.4
Dodging        | 2 3 4 5 6 |  6.0
Hexes          | 1 2 8 10 12 13 14 15 16 17 18 | 18.0
Poison Magic   | 1 2 4 6 8 9 10 | 10.0
Stealth        | 3 4 5 6 7 9 10 | 10.6
Armour         | 1 2 3 4 6 7 8 |  8.7
Air Magic      | 1 2 3 4 6 |  6.5
Spellcasting   | 4 5 6 8 9 10 | 10.4
Charms         | 4 5 6 8 |  8.0
Shields        | 5 6 9 10 12 15 | 15.1
Necromancy     | 3 5 |  5.8
Summonings     | 4 5 |  5.7
Evocations     | 1 2 |  2.9
Staves         | 3 |  3.0
Polearms       | 1 |  1.6
Bows           | 1 |  1.2
Translocations | |  0.8

Action                   |  1- 3 |  4- 6 |  7- 9 | 10-12 | 13-15 | 16-18 || total
-------------------------+-------+-------+-------+-------+-------+-------++-------
Melee: Club              |    34 |       |       |       |       |       ||    34
       Short sword       |     6 |    10 |       |       |       |       ||    16
       Flail             |       |    22 |       |       |       |       ||    22
       Trident           |       |    94 |   207 |   224 |   247 |    16 ||   788
       Scimitar          |       |       |   138 |   492 |    22 |       ||   652
       Rapier            |       |       |       |       |   916 |   329 ||  1245
       Dire flail        |       |       |       |       |       |   254 ||   254
       Quarterstaff      |       |       |       |       |       |   284 ||   284
       Halberd           |       |       |       |       |       |    36 ||    36
       Glaive            |       |       |       |       |       |   122 ||   122
 Fire: Blowgun           |       |    21 |    36 |       |       |       ||    57
       Shortbow          |       |       |       |    27 |       |     3 ||    30
Throw: Tomahawk          |       |       |       |       |     3 |       ||     3
       Stone             |       |       |       |       |       |     2 ||     2
 Cast: Magic Dart        |    83 |   111 |   103 |     9 |       |     1 ||   307
       Mephitic Cloud    |       |       |    15 |    25 |    28 |    19 ||    87
       Confuse           |       |       |    28 |   140 |   177 |    76 ||   421
       Slow              |       |       |     7 |    52 |    82 |    31 ||   172
       Spectral Weapon   |       |       |       |    57 |   191 |   193 ||   441
       Invisibility      |       |       |       |     1 |     1 |     6 ||     8
       Regeneration      |       |       |       |       |    10 |   143 ||   153
       Call Imp          |       |       |       |       |     3 |     2 ||     5
       Summon Mana Viper |       |       |       |       |       |    55 ||    55
       Silence           |       |       |       |       |       |    22 ||    22
Invok: Divine Energy     |       |       |     2 |     9 |     1 |     4 ||    16
       Stop Divine Energ |       |       |     1 |     9 |     2 |     4 ||    16
 Abil: Dig               |       |     4 |     5 |    35 |    37 |    55 ||   136
Evoke: Wand              |       |       |     4 |       |       |       ||     4
       Lamp of fire      |       |       |       |       |       |     1 ||     1
  Use: Potion            |       |     5 |       |       |       |     5 ||    10
       Scroll            |       |     2 |     1 |     5 |     2 |    10 ||    20
 Stab: Sleeping          |       |     1 |       |     1 |    12 |     8 ||    22
       Confused          |       |       |    17 |    47 |    49 |    26 ||   139
       Distracted        |       |       |       |     4 |    15 |    12 ||    31
       Invisible         |       |       |       |     1 |     5 |     5 ||    11
       Petrified         |       |       |       |       |     3 |       ||     3
  Eat: Chunk             |     3 |     6 |    21 |    35 |    42 |    56 ||   163
       Ration            |       |     1 |     1 |       |     2 |     3 ||     7
Armor: Robe              |    10 |    15 |     8 |     1 |       |       ||    34
       Leather armour    |     7 |    31 |    74 |    40 |       |       ||   152
       Ring mail         |       |    23 |       |       |       |       ||    23
       Troll leather arm |       |       |       |    81 |   158 |   205 ||   444
Dodge: Dodged            |    38 |   145 |   247 |   355 |   572 |   567 ||  1924
Block: Shield            |       |    50 |    30 |       |   475 |   348 ||   903
       Reflection        |       |       |     2 |       |       |       ||     2
       Buckler           |       |       |       |    33 |    29 |       ||    62
       Large shield      |       |       |       |       |       |   391 ||   391
       Rpst.: Scimitar   |       |       |    34 |    78 |     3 |       ||   115
